Map: Vigía EE

Players

TATORREA

  • Race: Protoss Protoss
  • League: Gold
  • Spawn Location: 12:00

tigro

  • Race: Terran Terran
  • League: Bronze
  • Spawn Location: 9:00

MrFercho

  • Race: Zerg Zerg
  • League: Silver
  • Spawn Location: 9:00

ColinBlows

  • Race: Terran Terran
  • League: Silver
  • Spawn Location: 6:00

Battaglion

  • Race: Protoss Protoss
  • Spawn Location: 5:00

Zergling

  • Race: Zerg Zerg
  • League: Bronze
  • Spawn Location: 5:00

VOD

Have the link to the VOD?

Description

Time

  • Played on: July 14, 2020, 8:30 p.m.
  • Length: 9:59
Show
View Real Time Build Order
Export as new Build Order

TATORREA Protoss 

Build Orders:  

Get SALT Encoding   

  12  0:01  Probe  
  13  0:13  Probe  
  14  0:24  Pylon  
  14  0:25  Probe  
  15  0:42  Probe  
  16  0:44  Gateway  
  16  0:57  Probe  
  17  1:05  Probe  
  17  1:07  Assimilator  
  17  1:09  Pylon  
  18  1:13  Probe  
  19  1:29  Zealot  
  19  1:33  Cybernetics Core  
  19  1:35  Probe  
  22  1:51  Assimilator  
  22  1:55  Probe  
  22  1:56  Gateway  
  22  1:57  Gateway  
  23  2:01  Zealot  
  25  2:12  Warp Gate  
  25  2:29  Probe  
  26  2:41  Probe  
  26  2:43  Stalker  
  29  2:46  Stalker  
  31  2:59  Pylon  
  31  3:06  Pylon  
  31  3:16  Stalker  
  31  3:17  Probe  
  34  3:29  Probe  
  34  3:31  Nexus  
  35  3:41  Probe, Pylon  
  33  4:03  Stalker  
  33  4:04  Stalker x2  
  31  4:19  Probe  
  32  4:31  Probe, Shield Battery  
  29  4:39  Gateway  
  29  4:43  Stalker  
  29  4:45  Stalker  
  24  4:56  Stalker  
Show
View Real Time Build Order
Export as new Build Order

tigro Terran 

Build Orders:  

Get SALT Encoding   

  12  0:03  SCV  
  13  0:15  SCV  
  14  0:25  Supply Depot  
  14  0:27  SCV  
  15  0:38  Refinery  
  15  0:47  SCV, Supply Depot  
  16  0:59  SCV  
  16  1:02  Barracks  
  17  1:11  SCV  
  17  1:18  Refinery  
  18  1:23  SCV  
  19  1:35  SCV  
  20  2:14  Marine  
  20  2:22  Factory  
  20  2:32  Marine  
  21  2:41  SCV  
  22  2:50  Engineering Bay, Marine  
  23  2:53  SCV  
  24  3:08  Marine, Factory Tech Lab  
  25  3:22  Orbital Command  
  25  3:24  Starport  
  25  3:26  Marine  
  26  3:44  Siege Tank  
  29  3:52  Barracks Reactor  
  29  4:18  Medivac  
  26  4:31  Command Center  
  26  4:50  Marine x2  
  28  4:53  Hellion  
  30  5:08  Marine x2  
  32  5:15  Hellion  
  34  5:25  Marine  
  34  5:26  Marine  
  34  5:36  Hellion  
  36  5:43  Marine  
  36  5:44  Marine  
  32  5:58  Hellion  
  32  6:01  Marine x2  
  26  6:19  Hellion, Marine x2  
  26  6:24  Terran Infantry Weapons Level 1  
  26  6:37  Marine x2  
  26  6:38  Barracks  
  28  6:40  Siege Tank  
  27  7:12  Hellion  
  25  7:34  Hellion  
  25  7:35  Barracks Tech Lab  
  27  7:55  Hellion  
  26  8:02  Combat Shield  
  24  8:07  Refinery  
  24  8:09  SCV  
  25  8:17  Marine x3  
  24  8:21  SCV  
  20  8:33  SCV  
  10  8:35  Marine  
  10  8:41  SCV  
  10  8:53  SCV, Marine  
  4  9:05  SCV  
  5  9:11  Marine  
  6  9:17  SCV  
  6  9:29  SCV, Marine  
  11  9:31  SCV  
  12  9:40  Refinery  
  12  9:41  SCV  
  12  9:44  SCV  
Show
View Real Time Build Order
Export as new Build Order

MrFercho Zerg 

Build Orders: Hatch First 

Get SALT Encoding   

  12  0:03  Drone  
  13  0:11  Drone  
  14  0:18  Overlord  
  14  0:27  Drone, Extractor  
  15  0:36  Drone x2  
  17  1:00  Drone  
  17  1:01  Drone  
  17  1:04  Hatchery  
  18  1:12  Extractor  
  18  1:18  Spawning Pool  
  16  1:20  Drone  
  17  1:29  Drone  
  17  1:30  Drone  
  19  1:40  Overlord  
  19  1:50  Drone  
  20  2:08  Zergling x2  
  21  2:17  Zergling x2, Queen  
  21  2:18  Queen  
  21  2:19  Drone  
  27  2:25  Zergling x2  
  28  2:39  Metabolic Boost  
  29  2:51  Drone x5  
  29  2:55  Drone  
  34  3:18  Drone x2  
  36  3:22  Overlord x2  
  36  3:32  Overlord x2  
  36  3:39  Queen  
  38  3:46  Zergling x14  
  44  4:01  Zergling x4  
  46  4:15  Roach Warren  
  45  4:27  Zergling x8  
  49  4:56  Zergling x2  
  49  4:57  Zergling x18  
  52  5:34  Zergling x14  
  56  5:36  Roach x2  
  55  5:50  Zergling x10  
  52  6:42  Roach x4  
  52  6:43  Roach x2  
  56  7:00  Ravager x2  
  58  7:03  Roach  
  58  7:04  Roach  
  49  7:36  Zergling x4  
  49  7:37  Zergling x8  
  37  7:51  Queen  
  37  7:54  Queen  
  37  7:55  Drone x2  
  35  8:14  Roach x4  
  41  8:40  Ravager  
  42  8:42  Spore Crawler  
  42  8:43  Spine Crawler  
  42  8:45  Spine Crawler  
  40  8:50  Zergling x4  
  40  8:51  Zergling x8  
  40  8:52  Spine Crawler  
  40  8:53  Spine Crawler  
  40  8:55  Spine Crawler  
  43  8:56  Hatchery  
  42  9:04  Hatchery  
  38  9:15  Zergling x8  
  30  9:25  Zergling x2  
  30  9:26  Zergling x8  
Show
View Real Time Build Order
Export as new Build Order

ColinBlows Terran 

Build Orders:  

Get SALT Encoding   

  12  0:02  SCV  
  13  0:35  Supply Depot  
  13  0:38  Refinery  
  13  0:39  SCV  
  14  0:51  SCV  
  15  1:03  SCV, Barracks  
  16  1:15  SCV  
  17  1:26  Supply Depot  
  17  1:27  SCV  
  18  1:39  SCV, Refinery  
  19  1:48  Supply Depot  
  19  1:51  SCV  
  19  1:53  Barracks Reactor  
  20  2:16  Bunker  
  20  2:51  Barracks  
  20  3:11  Orbital Command  
  20  3:15  Factory  
  20  3:18  Command Center  
  20  3:23  Supply Depot  
  20  3:26  Supply Depot  
  20  3:39  Bunker  
  20  3:41  Marine  
  21  3:46  Engineering Bay  
  21  3:47  Barracks Reactor  
  21  3:59  Marine  
  21  4:00  Factory Tech Lab  
  22  4:06  Starport  
  22  4:13  SCV  
  22  4:16  Marine  
  24  4:23  Marine x2  
  26  4:25  SCV  
  27  4:34  Marine  
  28  4:41  Marine x2  
  28  4:43  Barracks  
  30  4:52  Marine  
  31  4:54  Siege Tank  
  31  4:59  Marine x2  
  36  5:10  Marine  
  37  5:16  Marine  
  37  5:17  Marine  
  37  5:20  Liberator  
  42  5:27  Widow Mine  
  42  5:28  Marine  
  45  5:33  Barracks  
  45  5:34  Barracks Reactor  
  45  6:07  Marine  
  45  6:08  Marine x2  
  47  6:25  Marine x2  
  35  7:06  Marine  
  35  7:08  Marine x2  
  36  7:24  Marine  
  36  7:26  Marine x2  
  39  7:30  SCV  
  39  7:36  SCV  
  41  7:41  Siege Tank  
  41  7:42  SCV, Marine  
  41  7:43  Marine  
  41  7:44  Marine x2  
  48  7:46  Marine  
  48  7:48  SCV  
  48  7:49  Starport Tech Lab  
  51  7:54  SCV  
  52  8:00  SCV, Supply Depot  
  52  8:01  Marine x2, Terran Infantry Armor Level 1  
  52  8:02  Supply Depot  
  52  8:04  Marine  
  56  8:06  SCV  
  56  8:09  Marine x2  
  56  8:11  Marine  
  61  8:18  SCV  
  61  8:19  Marine x2  
  64  8:20  Orbital Command  
  64  8:22  Marine  
  64  8:24  Supply Depot  
  64  8:27  Marine x2  
  64  8:29  Marine  
  70  8:34  Siege Tank  
  70  8:37  Viking, Marine x2  
  75  8:45  Marine  
  75  8:47  Marine  
  77  8:50  Starport  
  77  8:55  Marine x2  
  78  8:59  Barracks Tech Lab  
  78  9:05  Marine  
  78  9:06  Liberator, Siege Tank  
Show
View Real Time Build Order
Export as new Build Order

Battaglion Protoss 

Build Orders:  

Get SALT Encoding   

  12  0:01  Probe  
  13  0:13  Probe  
  14  0:18  Pylon  
  14  0:26  Probe  
  15  0:36  Assimilator  
  15  0:38  Probe  
  15  0:42  Gateway  
  16  0:50  Probe  
  16  0:53  Assimilator  
  17  1:01  Pylon  
  17  1:06  Probe  
  17  1:10  Assimilator  
  18  1:19  Probe  
  19  1:31  Probe  
  20  1:33  Cybernetics Core  
  20  1:39  Pylon  
  20  1:43  Probe  
  21  1:50  Warp Gate  
  21  1:57  Probe  
  22  2:07  Gateway  
  22  2:09  Probe  
  22  2:10  Pylon  
  23  2:37  Gateway  
  23  2:38  Zealot  
  23  2:43  Gateway  
  25  2:55  Stalker  
  27  3:20  Gateway  
  27  3:21  Gateway  
  27  3:25  Pylon  
  27  3:40  Stalker x3  
  33  3:48  Zealot  
  33  4:10  Stalker  
  33  4:11  Stalker  
  37  4:32  Zealot  
  37  4:33  Zealot x3  
  41  5:18  Pylon  
  29  5:38  Stalker x6  
  31  6:33  Stalker x6  
  39  6:57  Zealot x4  
  38  7:36  Stalker x3  
  38  7:37  Stalker  
  38  8:01  Zealot x4  
  46  8:51  Pylon  
  46  8:54  Pylon  
  46  8:57  Pylon  
Show
View Real Time Build Order
Export as new Build Order

Zergling Zerg 

Build Orders: Pool First 

Get SALT Encoding   

  12  0:05  Drone  
  13  0:17  Overlord  
  13  0:18  Drone  
  14  0:41  Drone x3, Extractor  
  16  1:02  Drone  
  16  1:03  Drone  
  18  1:09  Spawning Pool  
  17  1:29  Hatchery  
  17  1:31  Drone  
  17  1:57  Zergling x6  
  20  2:01  Queen  
  22  2:09  Overlord  
  22  2:35  Baneling Nest  
  21  2:37  Zergling x4  
  21  2:43  Zergling x2, Queen  
  26  2:57  Baneling Nest  
  26  2:58  Zergling x4  
  27  3:09  Zergling x4  
  27  3:10  Zergling x2  
  30  3:14  Zergling x4  
  32  3:21  Metabolic Boost  
  32  3:28  Zergling x2  
  33  3:38  Zergling x2  
  33  3:39  Zergling x4  
  36  3:45  Baneling x4  
  35  4:17  Zergling x2  
  35  4:19  Overlord x3  
  28  4:50  Zergling x2  
  28  4:51  Zergling x18  
  37  5:10  Zergling x2  
  26  5:30  Zergling x4  
  25  5:42  Zergling x2  
  26  6:08  Zergling x10  
  25  6:20  Zergling x2  
  25  6:21  Zergling x2  
  27  6:38  Zergling x4  
  27  6:39  Zergling x4  
  31  6:42  Lair  
  31  6:53  Baneling x6  
  31  6:54  Baneling x4  
  31  7:19  Extractor  
  31  7:20  Zergling x10  
  28  7:51  Zergling x2  
  28  7:52  Zergling x6  
  25  8:25  Zergling x2  
  25  8:26  Zergling x6  
  26  8:46  Spire  
  26  8:47  Drone x3  
  27  9:09  Hatchery  
Tags
 
Add a new tag
Caveats
  • Supply blocks, unpowered buildings, or Contaminate may cause inaccurate times.
  • Supply counts are checked every 10 seconds.